 Dungeon Crawl Stone Soup version 0.29-a0-322-g68df515428 (webtiles) character file.

Game seed: 9733503187389152854

287 sanka the Insei (level 6, -2/53 HPs)
             Began as a Gnoll Monk on Apr 9, 2022.
             Slain by a killer bee (7 damage)
             ... on level 4 of the Dungeon.
             The game lasted 00:04:31 (4235 turns).

sanka the Insei (Gnoll Monk)                        Turns: 4235, Time: 00:04:31

Health: -2/53      AC: 10    Str: 10    XL:     6   Next: 30%
Magic:  8/8        EV: 13    Int:  9    God:
Gold:   287        SH:  0    Dex: 17    Spells: 5/8 levels left

rFire   + . .      SeeInvis +     - Unarmed
rCold   . . .      Faith    .   (no shield)
rNeg    . . .      Spirit   .   w - +3 ring mail {rF+}
rPois   .          Reflect  .   p - +0 helmet
rElec   .          Harm     .   (no cloak)
rCorr   .          Rampage  .   y - +0 pair of gloves
Will    +....                   (no boots)
Stlth   ++........              (no amulet)
HPRegen 0.17/turn               r - ring of see invisible
MPRegen 0.11/turn               i - ring of willpower

@: lethally poisoned (-2 -> -6), about to teleport
A: fangs 1, strong nose, distributed training
a: no special abilities


You were on level 4 of the Dungeon.
You visited 1 branch of the dungeon, and saw 4 of its levels.

You collected 287 gold pieces.


Innate Abilities, Weirdness & Mutations

You have very sharp teeth.
Your uncanny sense of smell can sniff out nearby items.
Your experience applies equally to all skills.


   Skills:
 + Level 6.8 Fighting
 + Level 1.9 Short Blades
 + Level 1.9 Long Blades
 + Level 1.9 Axes
 + Level 1.9 Maces & Flails
 + Level 1.9 Polearms
 + Level 1.9 Staves
 + Level 1.9 Slings
 + Level 1.9 Bows
 + Level 1.9 Crossbows
 + Level 1.9 Throwing
 + Level 1.9 Armour
 + Level 6.8 Dodging
 + Level 4.5 Stealth
 + Level 1.9 Shields
 + Level 6.8 Unarmed Combat
 + Level 1.9 Spellcasting
 + Level 1.5 Conjurations
 + Level 1.5 Hexes
 + Level 1.5 Summonings
 + Level 1.5 Necromancy
 + Level 1.5 Translocations
 + Level 1.5 Transmutations
 + Level 1.5 Fire Magic
 + Level 1.5 Ice Magic
 + Level 1.5 Air Magic
 + Level 1.5 Earth Magic
 + Level 1.5 Poison Magic
 + Level 2.1 Invocations
 + Level 1.9 Evocations


You had 5 spell levels left.
You knew the following spells:

 Your Spells              Type           Power      Damage    Failure   Level
z - Spider Form           Tmut/Pois      3%         N/A       80%         3

Your spell library contained the following spells:

 Spells                   Type           Power      Damage    Failure   Level
 Ensorcelled Hibernation  Hex/Ice        6%         N/A       56%         2
 Portal Projectile        Hex/Tloc       6%         N/A       80%         3
 Anguish                  Hex/Necr       1%         N/A       99%         4
 Blade Hands              Tmut           1%         N/A       100%        5
 Excruciating Wounds      Necr           1%         N/A       100%        5

Inventory:

Hand Weapons
 k - a +0 battleaxe
Missiles
 m - 5 poisoned darts (quivered)
 t - a throwing net {=f}
Armour
 a - a +0 robe
 p - a +0 helmet (worn)
 w - a +3 ring mail of fire resistance (worn)
 y - a +0 pair of gloves (worn)
Jewellery
 i - a ring of willpower (right hand)
 l - a ring of magical power
 r - a ring of see invisible (left hand)
Wands
 s - a wand of iceblast (4)
 u - a wand of polymorph (7)
Scrolls
 c - a scroll of noise {unknown}
 e - a scroll of torment {unknown}
 f - 2 scrolls of identify {unknown}
 g - 2 scrolls of teleportation {@r4}
 h - a scroll of enchant armour {unknown}
 o - a scroll of vulnerability {unknown}
 v - a scroll of immolation {unknown}
 A - a scroll of magic mapping {unknown}
Potions
 b - 3 potions of ambrosia
 d - 5 potions of flight {unknown}
 j - 4 potions of curing {unknown}
 n - a potion of mutation {unknown}
 q - 3 potions of heal wounds {unknown}
 x - a potion of magic {unknown}
 z - a potion of invisibility {unknown}

Dungeon Overview and Level Annotations

Branches:
Dungeon (4/15)
 Temple: D:4-7

Altars:
Nemelex Xobeh

▒.......▒▒▒
▒.........
▒.......▒▒▒▒▒
▒.......h.<.▒
▒▒▒▒▒▒.▒y▒.y▒
▒.▒y▒..▒
▒.▒y▒..▒
▒.▒y▒y.▒
▒.▒g▒S.▒
▒.▒.▒.y▒
▒.▒:▒..▒
▒.▒.▒ ▒.▒..
▒.▒▒. ▒.▒ .
▒.▒ .▒ ▒.▒


You could see a black bear and 4 killer bees.


Message History

You feel sick. The killer bee stings you.
* * * LOW HITPOINT WARNING * * *
Unknown command.
You miss the killer bee.
The killer bee is almost dead.
* * * LOW HITPOINT WARNING * * *
You feel sick. The killer bee closely misses you.
The killer bee barely misses you.
Unknown command.
You barely miss the killer bee.
The killer bee is almost dead.
You feel sick.
The killer bee stings you but does no damage.
The killer bee completely misses you.
Unknown command.
You miss the killer bee.
The killer bee is almost dead.
* * * LOW HITPOINT WARNING * * *
You feel sick. The killer bee misses you.
The killer bee stings you but does no damage.
Unknown command.
As you read the scroll labelled REIMOUF VOUSHO, it crumbles to dust.
You feel strangely unstable.
It was a scroll of teleportation.
You feel sick. The killer bee stings you!
You die...

Action                   |  1- 3 |  4- 6 || total
-------------------------+-------+-------++-------
Melee: Unarmed           |   109 |   193 ||   302
       Punch             |     7 |     4 ||    11
       Bite              |     5 |    26 ||    31
Throw: Dart              |       |     4 ||     4
  Use: Scroll            |       |     1 ||     1
 Stab: Sleeping          |     9 |     2 ||    11
Armor: Robe              |    15 |    12 ||    27
       Ring mail         |       |    20 ||    20
Dodge: Dodged            |    74 |   117 ||   191

Levels and vault maps discovered:
D:1:      dpeg_arrival_arbitrary_b, layout_basic
D:2:      minmay_inner_zag, layout_basic, uniq_robin
D:3:      layout_basic, mainiacjoe_overflow_brackets, dk_vineyard_1,
          uniq_terence, uniq_natasha
D:4:      layout_basic, dreamdust_princess_bridge

Notes
Turn   | Place    | Note
-------+----------+-------------------------------------------
     0 | D:1      | sanka the Gnoll Monk began the quest for the Orb.
     0 | D:1      | Reached XP level 1. HP: 23/23 MP: 1/1
   139 | D:1      | Reached XP level 2. HP: 19/29 MP: 2/2
   567 | D:1      | Reached XP level 3. HP: 35/35 MP: 3/3
  1132 | D:2      | Reached skill level 1 in Invocations
  1239 | D:2      | Reached skill level 1 in Short Blades
  1239 | D:2      | Reached skill level 1 in Long Blades
  1239 | D:2      | Reached skill level 1 in Axes
  1239 | D:2      | Reached skill level 1 in Maces & Flails
  1239 | D:2      | Reached skill level 1 in Polearms
  1239 | D:2      | Reached skill level 1 in Staves
  1239 | D:2      | Reached skill level 1 in Slings
  1239 | D:2      | Reached skill level 1 in Bows
  1239 | D:2      | Reached skill level 1 in Crossbows
  1239 | D:2      | Reached skill level 1 in Throwing
  1239 | D:2      | Reached skill level 1 in Armour
  1239 | D:2      | Reached skill level 1 in Shields
  1239 | D:2      | Reached skill level 1 in Spellcasting
  1239 | D:2      | Reached skill level 1 in Evocations
  1300 | D:2      | Reached XP level 4. HP: 41/41 MP: 5/5
  1480 | D:2      | Noticed Robin
  1504 | D:2      | Killed Robin
  1505 | D:2      | Reached skill level 1 in Conjurations
  1505 | D:2      | Reached skill level 1 in Hexes
  1505 | D:2      | Reached skill level 1 in Summonings
  1505 | D:2      | Reached skill level 1 in Necromancy
  1505 | D:2      | Reached skill level 1 in Translocations
  1505 | D:2      | Reached skill level 1 in Transmutations
  1505 | D:2      | Reached skill level 1 in Fire Magic
  1505 | D:2      | Reached skill level 1 in Ice Magic
  1505 | D:2      | Reached skill level 1 in Air Magic
  1505 | D:2      | Reached skill level 1 in Earth Magic
  1505 | D:2      | Reached skill level 1 in Poison Magic
  1998 | D:2      | Reached XP level 5. HP: 44/47 MP: 6/6
  2541 | D:3      | Learned a level 3 spell: Spider Form
  2718 | D:3      | Noticed Natasha
  2727 | D:3      | Killed Natasha
  2941 | D:3      | Found a sparkling altar of Nemelex Xobeh.
  3000 | D:3      | Noticed Natasha
  3009 | D:3      | Killed Natasha
  3169 | D:3      | Noticed Terence
  3182 | D:3      | Killed Terence
  3641 | D:4      | Reached XP level 6. HP: 53/53 MP: 8/8
  3645 | D:4      | Reached skill level 2 in Invocations
  4217 | D:4      | Noticed a black bear
  4235 | D:4      | HP: 5/53 [poisoned by a killer bee]
  4235 | D:4      | Slain by a killer bee

Vanquished Creatures
  A killer bee (D:4)
  Terence (D:3)
  Natasha (twice) (D:3)
  Robin (D:2)
  5 adders
  A white imp (D:4)
  An ufetubus (D:4)
  A worm (D:2)
  A dart slug (D:1)
  An orc (D:3)
  8 bats
  8 endoplasms
  7 giant cockroaches
  10 hobgoblins
  2 jackals (D:1)
  3 quokkas
  4 ball pythons
  3 frilled lizards
  14 goblins
  9 kobolds
  10 rats
93 creatures vanquished.
